[Event "German Bundesliga 2024-25"]
[Site "Germany"]
[Date "2025.01.12"]
[Round "6.8"]
[White "Genov, Petar"]
[Black "Kramer, Julian"]
[Result "1/2-1/2"]
[Annotator "TA"]
[ECO "B50"]
[WhiteElo "2413"]
[BlackElo "2480"]
[PlyCount "70"]
[EventDate "2024.09.27"]
[EventType "team-tourn"]
[EventCountry "GER"]
[SourceTitle "playchess.com"]
[Source "ChessBase"]
[SourceQuality "1"]
[WhiteTeam "Kirchweyhe"]
[BlackTeam "Hamburg"]
[TimeControl "40/5400+30:1800+30"]

1. e4 c5 2. Nf3 d6 3. c3 Nf6 4. Be2 Bd7 5. d3 g6 6. O-O Bg7 7. Re1 O-O 8. Bf1 Bc6 9. Nbd2 e5 10. a4 Nbd7 11. b4 {[%emt 0:24:33] aiming for b5.} b6 12. Bb2 (12. b5 $5 Bb7 $8 13. g3 $14) 12... Re8 13. b5 Bb7 14. c4 a5 15. g3 Nf8 16. Nb1 Bh6 17. Bh3 Bc8 18. Bxc8 Rxc8 19. Nc3 Ne6 20. Bc1 Bxc1 21. Rxc1 Nd4 22. Kg2 Kg7 23. Rf1 Rf8 24. Rb1 Nxf3 25. Qxf3 Nh5 26. Nd5 {[%emt 0:02:17] White is more active.} f5 27. exf5 Rxf5 28. Qe4 Nf6 29. Nxf6 Rxf6 30. f4 exf4 31. Rxf4 Rxf4 32. Qxf4 Qf6 33. Rf1 Rf8 34. Qxf6+ Rxf6 35. Rd1 Kf7 1/2-1/2

[Event "German Bundesliga 2024-25"]
[Site "Germany"]
[Date "2025.01.12"]
[Round "6.9"]
[White "Carlsen, Magnus"]
[Black "Wei, Yi"]
[Result "1/2-1/2"]
[Annotator "TA"]
[ECO "B90"]
[WhiteElo "2831"]
[BlackElo "2753"]
[PlyCount "71"]
[EventDate "2024.09.27"]
[EventType "team-tourn"]
[EventCountry "GER"]
[SourceTitle "playchess.com"]
[Source "ChessBase"]
[SourceQuality "1"]
[WhiteTeam "St. Pauli"]
[BlackTeam "Duesseldorf"]
[TimeControl "40/5400+30:1800+30"]

1. e4 c5 2. Nf3 d6 3. d4 cxd4 4. Nxd4 Nf6 5. Nc3 a6 6. a4 e5 7. Nf3 Be7 8. Bg5 Be6 9. Bxf6 Bxf6 10. Nd5 {[%emt 0:00:12] Wards off Qb6} Nd7 11. Bc4 Rc8 12. Qd3 Nb6 13. Nxf6+ Qxf6 14. Bxe6 Qxe6 15. O-O O-O 16. Rfd1 Rc6 17. b3 Nd7 18. c4 Nc5 19. Qe3 f5 20. exf5 Qxf5 21. Ra2 Rb6 22. Rb2 Nxa4 23. Rbd2 Nc5 24. Rxd6 Rxd6 25. Rxd6 Qb1+ 26. Ne1 e4 {[%emt 0:07:01] aiming for ...Nd3.} 27. Kf1 Nxb3 28. Rb6 $1 $36 {[%emt 0:06:16][%csl LRb3,LRb7][%mdl 2048] White is more active.} Nd2+ $1 29. Kg1 $1 Qa2 30. Rxb7 {[%emt 0:01:09] White threatens Qd4 and mate.} Nxc4 31. Qd4 Ne5 $1 32. h3 Qe6 33. Qxe4 Qc6 (33... Qd6 $11 {feels stronger.}) 34. Qb4 (34. Qxc6 $14 Nxc6 35. Rb6) 34... h6 35. Qb2 Qe4 36. Nd3 1/2-1/2

[Event "German Bundesliga 2024-25"]
[Site "Germany"]
[Date "2025.01.12"]
[Round "6.9"]
[White "Bartel, Mateusz"]
[Black "Tabatabaei, M. Amin"]
[Result "1-0"]
[Annotator "TA"]
[ECO "C13"]
[WhiteElo "2613"]
[BlackElo "2668"]
[PlyCount "103"]
[EventDate "2024.09.27"]
[EventType "team-tourn"]
[EventCountry "GER"]
[SourceTitle "playchess.com"]
[Source "ChessBase"]
[SourceQuality "1"]
[WhiteTeam "TU Dresden"]
[BlackTeam "Bayern Muenchen"]
[TimeControl "40/5400+30:1800+30"]

1. e4 e6 2. d4 d5 3. Nc3 Nf6 4. Bg5 dxe4 5. Nxe4 Be7 6. Nxf6+ Bxf6 7. Bxf6 Qxf6 8. Nf3 O-O 9. Qd3 Rd8 10. O-O-O Bd7 11. h4 Bc6 12. Be2 Nd7 13. Qe3 b5 14. Ne5 Nxe5 15. dxe5 Rxd1+ 16. Rxd1 Qxh4 17. g3 Qe7 18. Rd4 a6 19. Bd3 Rf8 20. Rh4 h6 21. Rg4 Kh8 22. Rh4 f5 23. exf6 Rxf6 24. f4 Qd6 25. Rh5 Be8 26. Re5 Bg6 27. Be2 Qc6 28. Bd1 Qg2 29. Qc3 b4 30. Qe1 Bf5 31. Re2 Qb7 32. Re5 Qg2 33. Re2 Qd5 34. Qxb4 Qxa2 35. Re5 Qa1+ 36. Kd2 Rf7 37. Qd4 $1 Qa2 (37... Kh7 $11) 38. g4 (38. Bh5 $1 $16 {White threatens Qd8+ and mate.} Rf8 39. g4) 38... Bh7 (38... Bg6 $14) 39. b3 (39. g5 $142 {Threatens to win with gxh6.} Rf5 40. gxh6) 39... Qa3 40. Rxe6 Qa5+ (40... Qf8 $16) 41. b4 (41. c3 $18 Qa2+ 42. Ke1) 41... Qa4 $1 $14 42. Ke1 $1 (42. Rxh6 $2 Rd7 43. Rxh7+ Kxh7 $19) 42... Rd7 {[%emt 0:17:31] [#]} (42... c5 $1 $14 43. c3 (43. bxc5 $2 Qxd4 44. f5 Bg8 $19) (43. Qd8+ Bg8 $11) 43... cxd4 44. Bxa4 dxc3) 43. Re8+ $1 $18 Bg8 44. Qe4 c5 {[%emt 0:08:37] [#]} (44... Rd6 $16 45. Be2 Qc6) 45. Be2 $1 $18 ({Not} 45. bxc5 Qa5+ 46. Kf2 Qxc5+ (46... Rxd1 47. Rxg8+ Kxg8 48. Qe8+ Kh7 49. Qe4+ Kh8 50. Qe8+ Kh7 51. Qe4+ g6 52. Qe7+ Kg8 53. Qe8+ Kg7 54. Qe7+ Kg8 55. Qe8+ Kg7 56. Qe7+ Kg8 $11) 47. Ke2 Qd6 $11 (47... Qg1 $2 48. Rxg8+ Kxg8 49. Qe8+ Kh7 50. Qxd7 $18)) 45... Rd4 $2 (45... cxb4 $2 {is the wrong capture.} 46. Rxg8+ Kxg8 47. Qe8+ Kh7 48. Bd3+ Rxd3 49. Qxa4 $18) (45... Qxb4+ 46. Qxb4 cxb4) 46. Qe6 $18 Qxb4+ 47. Kf2 Rxf4+ 48. Kg3 Qe1+ 49. Kxf4 Qf2+ 50. Bf3 g5+ 51. Kf5 Qxf3+ 52. Kg6 1-0

[Event "German Bundesliga 2024-25"]
[Site "Germany"]
[Date "2025.01.12"]
[Round "6.10"]
[White "Giri, Anish"]
[Black "Howell, David W L"]
[Result "1/2-1/2"]
[Annotator "TA"]
[ECO "A14"]
[WhiteElo "2733"]
[BlackElo "2673"]
[PlyCount "45"]
[EventDate "2024.09.27"]
[EventType "team-tourn"]
[EventCountry "GER"]
[SourceTitle "playchess.com"]
[Source "ChessBase"]
[SourceQuality "1"]
[WhiteTeam "Duesseldorf"]
[BlackTeam "St. Pauli"]
[TimeControl "40/5400+30:1800+30"]

1. c4 Nf6 2. Nf3 e6 3. g3 d5 4. cxd5 exd5 5. Bg2 Be7 6. O-O O-O 7. b3 Re8 8. Bb2 c6 9. Na3 a5 10. Nc2 Na6 11. a3 Bf5 12. d3 Qd7 13. Bc3 Bh3 14. b4 Bxg2 15. Kxg2 axb4 16. axb4 Nc7 17. Ncd4 Rxa1 18. Qxa1 Ra8 19. Qb2 Nfe8 20. e4 dxe4 21. dxe4 Nd6 22. Re1 Bf8 23. Qb3 1/2-1/2

[Event "German Bundesliga 2024-25"]
[Site "Germany"]
[Date "2025.01.12"]
[Round "6.10"]
[White "Fedoseev, Vladimir"]
[Black "Pechac, Jergus"]
[Result "1-0"]
[Annotator "TA"]
[ECO "D02"]
[WhiteElo "2712"]
[BlackElo "2599"]
[PlyCount "103"]
[EventDate "2024.09.27"]
[EventType "team-tourn"]
[EventCountry "GER"]
[SourceTitle "playchess.com"]
[Source "ChessBase"]
[SourceQuality "1"]
[WhiteTeam "Bayern Muenchen"]
[BlackTeam "TU Dresden"]
[TimeControl "40/5400+30:1800+30"]

1. d4 Nf6 2. c3 d5 3. Nf3 e6 4. Bf4 c5 5. e3 Bd6 6. Bd3 Bxf4 7. exf4 O-O 8. dxc5 Qc7 9. g3 Qxc5 10. Qe2 b6 11. Nbd2 a5 12. Nb3 Qd6 13. Nbd4 Ba6 14. Bxa6 Nxa6 15. O-O Nc5 16. Rad1 Rac8 17. Ne5 Rfe8 18. Rfe1 Nfd7 19. Ng4 Ne4 20. f5 e5 21. Nf3 h5 22. Ne3 Nef6 23. Ng5 d4 (23... Rc5 $1 $11 {is superior.}) 24. Nf3 Nd5 25. cxd4 Nxe3 26. Qxe3 (26. fxe3 e4 27. Ng5 Qd5 $11 (27... Nf6 28. Qb5 $17)) 26... e4 27. Nh4 Nf6 28. Qb3 Qd5 ({Black should try} 28... Nd5 $11) 29. Qxd5 $14 Nxd5 30. Re2 Kf8 31. Ng2 Rc4 32. h3 a4 33. g4 b5 34. Kh2 (34. gxh5 $14 Rc6 35. Rde1) 34... b4 (34... a3 $11) 35. Kg3 b3 (35... Rec8 $16) 36. axb3 $18 axb3 37. Ne3 {[%emt 0:00:24] Repels Rc2} (37. gxh5 $6 Rc2 38. Rdd2 Rc1 $14) 37... Nxe3 38. fxe3 (38. Rxe3 Rb8 39. Rd2 (39. Rxe4 Rc2 $16) 39... Rc2) 38... hxg4 39. hxg4 {[%emt 0:00:31][%mdl 4096] Endgame KRR-KRR. White is a pawn up.} Rec8 40. Rh2 Ke7 41. Ra1 {[%emt 0:32:05] Black must now prevent Rh7.} Rc2 $2 (41... Rc1 42. Ra7+ (42. Rh1 Rxh1 43. Rxh1 Rc2 $14) 42... R8c7) 42. Ra7+ $1 Kf6 (42... R2c7 43. Ra3 f6) 43. Ra6+ (43. Rh7 $142) 43... Ke7 $2 (43... R8c6 {was called for.} 44. Rxc2 Rxa6) 44. Rh7 $1 Rxb2 45. Rxg7 {[%emt 0:00:00] White wants to mate with f6+.} Rb1 {[%emt 0:00:36] [#]} (45... Rf8 $18 46. Rb6 Kd7) 46. f6+ $1 ({And not} 46. Ra7+ Kd6 47. Rgxf7 (47. Raxf7 Rg1+ 48. Kf4 b2 $11) 47... b2 48. Ra6+ (48. Rfd7+ Kc6 $15) 48... Kd5 49. Ra5+ (49. Rd7+ $2 Kc4 $19) 49... Kc4 $19) 46... Kf8 {[%emt 0:00:04] [#]} 47. Ra7 $1 b2 48. Raxf7+ Ke8 49. Rb7 Kf8 50. Rh7 Rg1+ 51. Kf4 b1=N 52. Rh8# 1-0

[Event "German Bundesliga 2024-25"]
[Site "Germany"]
[Date "2025.01.12"]
[Round "6.11"]
[White "Christiansen, Johan-Sebastian"]
[Black "Sindarov, Javokhir"]
[Result "0-1"]
[Annotator "TA"]
[ECO "B30"]
[WhiteElo "2661"]
[BlackElo "2682"]
[PlyCount "134"]
[EventDate "2024.09.27"]
[EventType "team-tourn"]
[EventCountry "GER"]
[SourceTitle "playchess.com"]
[Source "ChessBase"]
[SourceQuality "1"]
[WhiteTeam "St. Pauli"]
[BlackTeam "Duesseldorf"]
[TimeControl "40/5400+30:1800+30"]

1. e4 c5 2. Nf3 e6 3. Nc3 Nc6 4. Bb5 Nd4 5. O-O a6 6. Bd3 Nc6 7. Nd5 g6 8. c3 Bg7 9. Re1 d6 10. Ne3 Nge7 11. Bb1 d5 12. d4 cxd4 13. cxd4 dxe4 14. Bxe4 O-O 15. Nc4 Nxd4 16. Be3 e5 17. Nfxe5 Nef5 18. Bd2 Rb8 19. Bc3 Be6 20. Bxf5 Nxf5 21. Qxd8 Rfxd8 22. Nb6 Nd4 23. Nbd7 (23. Re4 $17 {was worth a try.} Nb5 24. Ba5) 23... Bxd7 (23... Rxd7 24. Nxd7 Bxd7 25. Bxd4 $16) (23... Bxe5 $1 $19 24. Nxb8 (24. Nxe5 $2 Nc2 $19) 24... Bxb8) 24. Bxd4 $15 Be6 25. Bc3 Rbc8 26. a3 Rc5 27. f4 Rcd5 28. h3 Bh6 29. Re4 Bf5 30. Rb4 b5 31. Ng4 Bxg4 32. hxg4 Re8 33. Re1 Rxe1+ 34. Bxe1 f5 35. gxf5 gxf5 36. Kf1 Bg7 37. Ke2 Kf7 38. Bc3 $2 (38. a4 $11 {and White is okay.}) 38... a5 $1 $19 39. Rb3 a4 $1 40. Rb4 Bf8 41. Rd4 Ke6 (41... Rxd4 $19 42. Bxd4 Ke6) 42. Kd3 (42. Rd3 $17) 42... Bd6 $1 $19 43. Rxd5 Kxd5 44. Bd2 $2 (44. Ke3) 44... h5 $19 45. Be3 b4 46. axb4 Bxb4 47. Bd4 Bd6 48. Be3 Bc5 $1 49. Bd2 Bd4 50. Bc3 Bc5 $2 ({Better is} 50... Bxc3 $1 $19 51. Kxc3 Ke4) 51. Be5 (51. Bd2 $11) 51... Bb4 (51... Be7 $15) 52. Bc7 $2 (52. Bd4 $11) 52... Bf8 $1 $19 53. Be5 Bh6 $1 54. Ke3 Kc4 $1 55. Kf3 Bf8 56. Kg3 {[%emt 0:00:34] [#]} Be7 $1 57. Kh3 Kd3 58. g3 Ke2 59. Bd4 Kf3 60. Be5 Bd8 61. Bg7 Bb6 62. Kh4 {[%emt 0:00:25] [#]} Bf2 $1 63. Kxh5 Bxg3 64. Kg5 Ke4 65. Be5 Bf2 66. Kf6 Be3 67. Kg5 Bc1 0-1

[Event "German Bundesliga 2024-25"]
[Site "Germany"]
[Date "2025.01.12"]
[Round "6.11"]
[White "Vogel, Roven"]
[Black "Santos Latasa, Jaime"]
[Result "1-0"]
[Annotator "TA"]
[ECO "A13"]
[WhiteElo "2558"]
[BlackElo "2630"]
[PlyCount "61"]
[EventDate "2024.09.27"]
[EventType "team-tourn"]
[EventCountry "GER"]
[SourceTitle "playchess.com"]
[Source "ChessBase"]
[SourceQuality "1"]
[WhiteTeam "TU Dresden"]
[BlackTeam "Bayern Muenchen"]
[TimeControl "40/5400+30:1800+30"]

1. Nf3 e6 2. c4 d5 3. e3 Nf6 4. Nc3 Be7 5. b3 O-O 6. Bb2 b6 7. cxd5 exd5 8. Be2 Bb7 9. O-O Nbd7 10. Rc1 a6 11. Re1 Re8 12. Bf1 Ne4 13. Ne2 c5 14. d3 Nd6 15. Nf4 Rc8 16. g3 Rc7 17. Bg2 Nf6 18. Nd2 Nb5 {[%emt 0:04:44] [#]} 19. a4 $1 Na7 20. d4 {[%emt 0:06:12] White is much more active.} Nc8 21. dxc5 bxc5 22. Be5 Rc6 23. Bxf6 (23. e4 $18 Nxe4 24. Nxe4 dxe4 25. Bxe4) 23... Rxf6 $16 24. Nb1 Nb6 25. a5 Nc8 (25... g5 $2 26. Nh5 Nd7 27. Nxf6+ Nxf6 28. Qd2 $18) (25... Nd7 $142) 26. Nc3 (26. Bxd5 $6 Rd6 27. e4 (27. Rxc5 Bf8 $16) 27... Bg5 $14) 26... Qxa5 (26... Bf8 $16 {was worth a try.} 27. Ncxd5 (27. Bxd5 Rd6 $16) 27... Rd6 28. Rxc5 Rd7) 27. Ncxd5 $18 ({Don't do} 27. Bxd5 $6 Bxd5 28. Ncxd5 Rc6 $18) 27... Bxd5 28. Nxd5 {[%emt 0:00:18][%cal Ob3b4] and b4! should not be overlooked} ({Less strong is} 28. Bxd5 Nb6 $16) 28... Rh6 29. b4 Qa3 $2 (29... Qd8 30. bxc5 (30. Nxe7+ Qxe7 31. bxc5 Rf6 $18) 30... Bf8) 30. Rc3 Qb2 31. Re2 1-0

[Event "German Bundesliga 2024-25"]
[Site "Germany"]
[Date "2025.01.12"]
[Round "6.12"]
[White "Van Foreest, Jorden"]
[Black "Bjerre, Jonas Buhl"]
[Result "1-0"]
[Annotator "TA"]
[ECO "C84"]
[WhiteElo "2687"]
[BlackElo "2654"]
[PlyCount "91"]
[EventDate "2024.09.27"]
[EventType "team-tourn"]
[EventCountry "GER"]
[SourceTitle "playchess.com"]
[Source "ChessBase"]
[SourceQuality "1"]
[WhiteTeam "Duesseldorf"]
[BlackTeam "St. Pauli"]
[TimeControl "40/5400+30:1800+30"]

1. e4 e5 2. Nf3 Nc6 3. Bb5 a6 4. Ba4 Nf6 5. O-O Be7 6. d3 b5 7. Bb3 d6 8. c3 O-O 9. Bc2 Re8 10. Re1 h6 11. Nbd2 Bf8 12. d4 exd4 13. cxd4 Bg4 14. h3 Bh5 15. g4 Bg6 16. a3 Qd7 17. Re3 Re7 18. b4 Rae8 19. d5 Ne5 20. Nxe5 dxe5 21. Rc3 Rd8 22. Qf3 h5 23. g5 Ne8 24. Nb3 Nd6 25. Rc6 Qc8 26. Bd3 Nb7 27. Rxa6 Rxd5 28. Rxg6 $1 (28. exd5 $6 e4 29. Bxe4 Bxe4 30. Qxh5 g6 $14 (30... Bxd5 31. g6 $14)) 28... Rxd3 29. Rxg7+ (29. Qxd3 fxg6 30. Kg2 (30. Qxb5 Qxh3 31. Qxb7 Qg4+ 32. Kf1 Rd7 $11) 30... Qd7 31. Qxd7 Rxd7 $11) 29... Kxg7 30. Qxd3 Qe6 31. Bb2 (31. Qxb5 Qxb3 32. Qxb7 Qc3 $19) 31... Qg6 (31... Kh7 $16 32. Kh2 (32. Qxb5 $2 Qxb3 33. Qe2 Qxh3 $19) 32... Qg6) 32. Nd4 $18 (32. Qxb5 $6 Qxg5+ 33. Kf1 Qh4) 32... Kh7 (32... exd4 33. Qxd4+ f6 34. Qxf6+ Qxf6 35. gxf6+ Kf7 36. fxe7 $18) (32... Qxg5+ 33. Kh1 Kh7 (33... exd4 $2 34. Qxd4+ f6 35. Rg1 $18) 34. Rg1 $18 (34. Qxb5 $2 Qh4 $19) (34. Nxb5 Qf4 $16)) 33. Nf5 $1 (33. Nxb5 c6 $16) 33... Re8 $2 (33... Re6 34. h4 (34. Qxb5 Qxg5+ 35. Kf1 Nd6 $16) 34... Nd6) 34. Qxb5 $18 Qxg5+ 35. Kh1 Re6 36. Rg1 (36. Qxb7 Rg6 37. Ng3 (37. Bxe5 $2 Qg2#) 37... Qf4 $11) 36... Qd2 37. Qxb7 ({Weaker is} 37. Bxe5 Qxf2 38. Bxc7 (38. Qxb7 Qf3+ 39. Rg2 Rxe5 $17) 38... Qf3+ 39. Kh2 Nd6 $16) 37... Qxb2 38. Qxc7 Rf6 39. Qd8 Qxf2 40. Qxf6 Qf3+ 41. Kh2 (41. Rg2 $142 Qf1+ 42. Kh2 Qf4+ 43. Kg1 (43. Rg3 Qf2+ 44. Rg2 Qf4+ 45. Kg1 Qc1+ 46. Kf2 Qf4+ 47. Ke2 Qxe4+ 48. Ne3 Qf4 $18) 43... Qc1+ 44. Kf2 Qd2+ 45. Kf3 Qf4+ 46. Ke2 Qxe4+ 47. Ne3) 41... Qf2+ (41... Qf4+ $18 42. Rg3 Qf2+ 43. Rg2 Qf4+ 44. Kg1 (44. Rg3 Qf2+ 45. Rg2 Qf4+ 46. Kg1 Qc1+ 47. Kf2 Qd2+ 48. Kf3 Qf4+ 49. Ke2 Qxe4+ 50. Ne3 Qf4 $18) 44... Qc1+ 45. Kf2 Qf4+ 46. Ke2 (46. Kg1 Qc1+ 47. Kf2 Qd2+ 48. Kf3 Qf4+ 49. Ke2 Qxe4+ 50. Ne3 Qf4 $18) 46... Qxe4+ 47. Ne3 Qf4 48. Qxf4 exf4) 42. Rg2 Qf4+ 43. Kg1 $1 Qc1+ {[%emt 0:02:22] [#]} 44. Kf2 $1 Qd2+ {[%emt 0:02:01] [#]} 45. Kf3 $1 Qd1+ 46. Kg3 1-0

[Event "German Bundesliga 2024-25"]
[Site "Germany"]
[Date "2025.01.12"]
[Round "6.12"]
[White "Dragnev, Valentin"]
[Black "Nisipeanu, Liviu-Dieter"]
[Result "0-1"]
[Annotator "TA"]
[ECO "C55"]
[WhiteElo "2566"]
[BlackElo "2596"]
[PlyCount "76"]
[EventDate "2024.09.27"]
[EventType "team-tourn"]
[EventCountry "GER"]
[SourceTitle "playchess.com"]
[Source "ChessBase"]
[SourceQuality "1"]
[WhiteTeam "Bayern Muenchen"]
[BlackTeam "TU Dresden"]
[TimeControl "40/5400+30:1800+30"]

1. e4 e5 2. Nf3 Nc6 3. Bc4 Nf6 4. d3 Be7 5. O-O O-O 6. Re1 d6 7. a4 Na5 8. Ba2 c5 9. Nc3 Nc6 10. Bg5 Kh8 (10... Nd4 {feels hotter.} 11. Nb5 Nxf3+ 12. Qxf3 Nd5) 11. h3 Be6 12. Bxf6 Bxf6 13. Nd5 g6 14. c3 Bg7 15. Ne3 Bd7 16. Rb1 f5 17. b4 (17. Bc4 $11) 17... cxb4 $17 18. cxb4 fxe4 $1 19. dxe4 Nd4 20. Nxd4 exd4 21. Nc4 Qh4 22. Qd2 Be5 23. b5 Rf6 24. g3 (24. Rf1 $11 {keeps the balance.}) 24... Bxg3 (24... Qxh3 25. Nxe5 dxe5 26. Qg5 $16) 25. fxg3 Qxg3+ 26. Qg2 Qh4 (26... Qxg2+ $2 27. Kxg2 Raf8 28. Rb2 $18) 27. e5 Bxh3 28. Re4 (28. Qxb7 Qg3+ 29. Kh1 Rf2 30. Qxa8+ Kg7) 28... Qh5 29. Qh2 $2 {[%emt 0:03:19][%mdl 8192] [#]} (29. Qg3 $17 Rf3 30. Qh4) 29... Rf3 $2 (29... Rf5 $1 $19 {( -> ...Qf3)} 30. Nxd6 Rg5+ 31. Kf2 Rf8+ 32. Bf7 Rc8 (32... Rg2+ 33. Qxg2 Bxg2 34. Kxg2 $11)) 30. exd6 $11 Rf5 $1 (30... Qg5+ $6 31. Kh1 Rg3 32. Rg1 $16 (32. Rxd4 $2 Bg2+ $19)) 31. Ne5 $2 (31. Rxd4 $2 Raf8 $19) (31. Re3 $1 $11 Rg5+ (31... dxe3 32. Qb2+ Kg8 33. Nxe3+ Rf7 34. Qf6 $14) 32. Rg3) 31... Raf8 $19 32. Nf7+ $2 (32. Qg3 Rf1+ (32... Rg5 $2 33. Rg4 $19) 33. Rxf1 Rxf1+ 34. Kh2 Bg4+) (32. Bf7 Kg7 (32... Rg5+ 33. Kf2 $11) 33. a5) 32... R8xf7 $19 33. Bxf7 {[%emt 0:00:12] [#]} Qf3 $1 34. Re8+ Kg7 35. Qd2 Qg4+ ({Weaker is} 35... Kxf7 36. Re7+ Kg8 37. Re8+ Kg7 38. Re7+ (38. Qxd4+ $2 Kh6 $19) 38... Kg8 39. Re8+ Kg7 40. Re7+ Kg8 $11) (35... Qg3+ $142 36. Kh1 Qh4 37. Bxg6 Bg4+ 38. Kg1 Rg5) 36. Kh1 $2 (36. Kh2 Rh5 (36... Kxf7 $2 {loses.} 37. Rbe1 $18) (36... Rxf7 37. Re7 $16) 37. Bxg6 Qxg6 38. Qxd4+ Kf7 39. Re7+ Kg8 40. Rg7+ Qxg7 41. Qxg7+ Kxg7 42. Kg3) 36... Rh5 $19 37. Bxg6 Bg2+ 38. Kg1 Rh1+ 0-1

[Event "German Bundesliga 2024-25"]
[Site "Germany"]
[Date "2025.01.12"]
[Round "6.13"]
[White "Maurizzi, Marc`Andria"]
[Black "Esipenko, Andrey"]
[Result "1/2-1/2"]
[Annotator "TA"]
[ECO "C55"]
[WhiteElo "2585"]
[BlackElo "2682"]
[PlyCount "72"]
[EventDate "2024.09.27"]
[EventType "team-tourn"]
[EventCountry "GER"]
[SourceTitle "playchess.com"]
[Source "ChessBase"]
[SourceQuality "1"]
[WhiteTeam "St. Pauli"]
[BlackTeam "Duesseldorf"]
[TimeControl "40/5400+30:1800+30"]

1. e4 e5 2. Nf3 Nc6 3. Bc4 Nf6 4. d3 Be7 5. O-O O-O 6. Nc3 d6 7. a4 Be6 8. Re1 Bxc4 9. dxc4 a5 10. Nd5 Nxd5 11. cxd5 Nb8 12. Ra3 Qd7 13. Rc3 Na6 14. b3 f5 15. exf5 Rxf5 16. Nd2 Bg5 17. Ne4 Bxc1 18. Qxc1 b6 19. Qd2 Rf4 20. Ng5 Nc5 21. Ne6 Rb4 22. f4 exf4 23. Rf3 Qf7 24. c3 ({Better is} 24. Nxf4 $14 Re4 25. Rxe4 Nxe4 26. Qe3) 24... Re4 $1 $11 (24... Rxb3 $6 25. Nxf4 (25. Qxf4 $2 Qxf4 26. Nxf4 Nxa4 $19) (25. Rxf4 Qg6 $11) 25... Re8 (25... Nxa4 $2 26. Ne6 $18) 26. Ne6 $16) (24... Nxb3 $2 25. Qa2 $18) 25. Rxe4 Nxe4 26. Qd4 Nc5 27. Nxf4 (27. Qc4 $11) 27... Qf5 (27... Nxb3 $17 28. Qe3 Re8) 28. b4 axb4 (28... Nxa4 $6 29. Ne6 Qe5 30. Qf2 $18 (30. Nxc7 Qxd4+ 31. cxd4 Rc8 $17)) 29. cxb4 Rxa4 30. Qb2 {[%emt 0:02:07][%cal Of4e6] Hoping for Ne6!. Inhibits Qb1+.} (30. Ne6 {looks sharper.} Nxe6 31. Qd1 Nf4 32. Qxa4 Qb1+ 33. Kf2) 30... Qe5 31. Qxe5 dxe5 32. bxc5 exf4 (32... Rxf4 $2 {loses.} 33. Rxf4 bxc5 34. Rc4 $18) 33. cxb6 cxb6 {[%emt 0:00:07] KR-KR. Black is a pawn up.} 34. Rb3 Rd4 35. Rxb6 Rxd5 36. Kf2 Kf7 1/2-1/2

[Event "German Bundesliga 2024-25"]
[Site "Germany"]
[Date "2025.01.12"]
[Round "6.13"]
[White "Michalik, Peter"]
[Black "Alonso Rosell, Alvar"]
[Result "1-0"]
[Annotator "TA"]
[ECO "D37"]
[WhiteElo "2562"]
[BlackElo "2532"]
[PlyCount "71"]
[EventDate "2024.09.27"]
[EventType "team-tourn"]
[EventCountry "GER"]
[SourceTitle "playchess.com"]
[Source "ChessBase"]
[SourceQuality "1"]
[WhiteTeam "TU Dresden"]
[BlackTeam "Bayern Muenchen"]
[TimeControl "40/5400+30:1800+30"]

1. d4 Nf6 2. c4 e6 3. Nf3 d5 4. Nc3 h6 5. g3 Be7 6. Bg2 O-O 7. O-O dxc4 8. Ne5 {[%emt 0:01:20] Inhibits Nc6.} Nc6 9. Bxc6 (9. Nxc4 Qxd4 (9... Nxd4 10. Bf4 $11) 10. Qxd4 Nxd4 $11) 9... bxc6 10. Nxc6 {[%emt 0:00:07] A dynamic duo of knights.} Qe8 11. Nxe7+ Qxe7 12. Qa4 a5 13. Qxc4 Ba6 14. Qc5 Qxc5 15. dxc5 Nd5 16. Nxd5 exd5 17. Re1 a4 18. Bd2 d4 19. Bf4 Rfe8 20. Rad1 Bxe2 21. Rxd4 c6 22. h3 Bf3 23. Re3 Rxe3 24. fxe3 $14 {[%emt 0:03:34][%mdl 4096] Endgame KRB-KRB. White is a pawn up.} Bd5 25. a3 Ra5 26. Bd6 Bb3 (26... Be6 $14 {was preferable.}) 27. Rb4 $16 {[%emt 0:01:31] White is more active.} Rb5 28. Rxb5 cxb5 {[%emt 0:00:01] KB-KB. White is a pawn up.} 29. c6 h5 30. e4 f6 31. Kf2 Kf7 32. Ke3 Ke8 (32... Ke6 $16 33. Bb8 g6) 33. Kd4 $18 Kd8 34. Kc5 Bc4 $2 (34... Bc2 {was necessary.} 35. e5 (35. Kxb5 Bxe4 36. Kb6 g5 $16) 35... fxe5 36. Bxe5 (36. Kxb5 e4 $16) 36... g6 37. Kxb5 Kc8) 35. Bf8 g6 36. Bg7 1-0

[Event "German Bundesliga 2024-25"]
[Site "Germany"]
[Date "2025.01.12"]
[Round "6.14"]
[White "Sadhwani, Raunak"]
[Black "Socko, Bartosz"]
[Result "0-1"]
[Annotator "RC"]
[ECO "A29"]
[WhiteElo "2675"]
[BlackElo "2553"]
[PlyCount "100"]
[EventDate "2024.09.27"]
[EventType "team-tourn"]
[EventCountry "GER"]
[SourceTitle "playchess.com"]
[Source "ChessBase"]
[SourceQuality "1"]
[WhiteTeam "Duesseldorf"]
[BlackTeam "St. Pauli"]
[TimeControl "40/5400+30:1800+30"]

1. c4 e5 2. Nc3 Nf6 3. Nf3 Nc6 4. g3 g6 5. Bg2 Bg7 6. d4 exd4 7. Nxd4 O-O 8. Nc2 d6 9. O-O Be6 10. b3 Qd7 11. Re1 Bh3 12. Bf3 Rfe8 13. Bb2 Ne5 14. Bh1 Rad8 15. e4 h5 16. Ne3 c6 17. f3 a6 18. a4 Qc7 19. Bg2 Bxg2 20. Kxg2 Nfd7 21. Rb1 Nc5 22. Ba1 a5 23. Re2 Qe7 24. Qc2 h4 25. Rf1 Qd7 26. Qd1 h3+ 27. Kh1 f5 28. exf5 gxf5 29. Na2 Qf7 30. g4 fxg4 31. fxg4 Qg6 32. Nf5 Ne6 33. Re3 Ng5 34. Nc1 Nxc4 35. Ne7+ Rxe7 36. Rxe7 Bxa1 37. bxc4 Bf6 38. Re3 d5 39. cxd5 cxd5 40. Qb3 Bd4 41. Re2 Qc6 42. Nd3 Rf8 43. Rxf8+ Kxf8 44. Qa3+ Kg8 45. Nf4 Be3 46. Rxe3 d4+ 47. Rf3 Qxf3+ 48. Qxf3 Nxf3 49. Nxh3 b5 50. axb5 a4 0-1